 Dungeon Crawl Stone Soup version 0.25.0-65-g31bcc41 (webtiles) character file.

616 Dorkslayer the Skirmisher (level 7, -1/44 HPs)
             Began as a Gargoyle Fighter on Nov 10, 2020.
             Slain by an ogre
             ... wielding a +0 giant club
              (15 damage)
             ... on level 1 of the Dungeon.
             The game lasted 00:00:30 (54 turns).

Dorkslayer the Skirmisher (Gargoyle Fighter)          Turns: 54, Time: 00:00:31

Health: -1/44      AC: 12    Str: 26    XL:     7   Next: 45%
Magic:  7/7        EV:  8    Int:  9    God:
Gold:   0          SH: 10    Dex:  9    Spells: 6/6 levels left

rFire    . . .     SeeInvis .   a - +0 long sword
rCold    . . .     Gourm    .   c - +0 shield
rNeg     + . .     Faith    .   b - +0 scale mail
rPois    ∞         Spirit   .   (no helmet)
rElec    +         Reflect  .   (no cloak)
rCorr    .         Harm     .   (no gloves)
MR       .....                  (no boots)
Stlth    ..........             (no amulet)
HPRegen  0.14/turn              (no ring)
MPRegen  0.10/turn              (no ring)

@: mighty
A: negative energy resistance 1, electricity resistance, unbreathing,
petrification resistance, rot immunity, AC +4
a: no special abilities


You were on level 1 of the Dungeon.
You were not hungry.

You visited 1 branch of the dungeon, and saw 1 of its levels.

Inventory:

Hand Weapons
 a - a +0 long sword (weapon)
Armour
 b - a +0 scale mail (worn)
 c - a +0 shield (worn)
Comestibles
 f - a ration


   Skills:
 + Level 5.5 Fighting
 + Level 3.7 Long Blades
 + Level 5.0 Armour
 + Level 0.6 Dodging
 + Level 5.5 Shields


You had 6 spell levels left.
You didn't know any spells.
Your spell library was empty.

Dungeon Overview and Level Annotations

Branches:
Dungeon (1/3)
 Temple: D:1

Altars:


Innate Abilities, Weirdness & Mutations

You are resistant to torment.
Your stone body is resilient. (AC +4)
You are immune to poison.
You resist negative energy. (rN+)
You are resistant to electric shocks. (rElec)
You can survive without breathing.
You are immune to petrification.
You are immune to rotting.


Message History

You closely miss the worker ant. The worker ant barely misses you.
You closely miss the worker ant. The worker ant bites you.
* * * LOW HITPOINT WARNING * * *
You block the worker ant's attack.
You slice the worker ant!!
You kill the worker ant!
Your Fighting skill increases to level 5!
You have reached level 7!
You hit the iguana but do no damage. You block the iguana's attack.
You slash the iguana!
The iguana is severely wounded.
The iguana bites you but does no damage.
You slice the iguana!!
You kill the iguana!
Your Armour skill increases to level 5!
You barely miss the ogre. You block the ogre's attack.
You slash the ogre!
The ogre is heavily wounded.
The ogre hits you with a +0 giant club!
You die...

≈# ≈# ≈##≈#
######≈≈≈≈#
#....#≈≈≈≈# #
#.<>.#≈≈≈≈#
####≈#..@.#≈≈≈≈#
≈≈≈≈≈####O#≈≈≈≈#
≈≈≈≈≈≈≈≈≈≈≈≈≈≈≈#
≈≈.≈.O≈≈..≈≈.≈.#
..........######
###########


You could see an ogre.

Vanquished Creatures
  A howler monkey (D:1)
  A hound (D:1)
  An iguana (D:1)
  A worker ant (D:1)
  An adder zombie (D:1)
5 creatures vanquished.

Notes
Turn   | Place    | Note
-------+----------+-------------------------------------------
     0 | D:1      | Dorkslayer the Gargoyle Fighter began the quest for the
                  | Orb.
     0 | D:1      | Reached XP level 1. HP: 14/14 MP: 1/1
     2 | D:1      | Noticed a howler monkey
    11 | D:1      | Noticed a hound
    39 | D:1      | Killed a hound
    39 | D:1      | Reached XP level 2. HP: 11/20 MP: 2/2
    39 | D:1      | Reached XP level 3. HP: 13/24 MP: 3/3
    39 | D:1      | Reached XP level 4. HP: 16/30 MP: 4/4
    39 | D:1      | Reached XP level 5. HP: 19/34 MP: 5/5
    40 | D:1      | Reached skill level 5 in Shields
    40 | D:1      | Reached XP level 6. HP: 22/40 MP: 6/6
    49 | D:1      | Reached skill level 5 in Fighting
    49 | D:1      | Reached XP level 7. HP: 13/44 MP: 7/7
    52 | D:1      | Reached skill level 5 in Armour
    54 | D:1      | Slain by an ogre

Skill      XL: |  1  2  3  4  5  6  7 |
---------------+----------------------+-----
Fighting       | 4 5 |  5.5
Long Blades    | 2 3 |  3.7
Armour         | 4 5 |  5.0
Shields        | 4 5 |  5.5
Dodging        | |  0.6

Action                   |  1- 3 |  4- 6 |  7- 9 || total
-------------------------+-------+-------+-------++-------
Melee: Long sword        |    26 |     8 |     5 ||    39
  Use: Potion            |     2 |       |       ||     2
Armor: Scale mail        |    24 |     1 |     1 ||    26
Dodge: Dodged            |     9 |     3 |       ||    12
Block: Shield            |    14 |     2 |     2 ||    18
       Rpst.: Long sword |     4 |     2 |       ||     6
